AoeStats
← [TUMBI] Bobby Fischer

Arena

510611687Analyzed
1v1 RM · 2d ago on Oct 1, 2026· 28m 10s· 2 players
Game mode
Random Map
Map size
Tiny (2 player)
Population
200
Speed
Normal
Resources
Standard
Victory
Conquest
Starting age
Dark Age
Ending age
Imperial Age
RankedLock teamsTeams togetherTeam positionsShared explorationLock speedFull tech treeHidden civsTurbo modeCheats
Victory
Defeat
🇨🇱 Cumans · Chile
1377
+18
🇦🇷 Cumans · Argentina
1417
-18
[TUMBI] Bobby Fischer
8:43 Feudal Age
9:24 Double-Bit Axe
9:32 Horse Collar
19:35 Castle Age
18:46 Wheelbarrow
18:38 Forging
18:42 Gold Mining
19:13 Bloodlines
20:39 Bow Saw
21:02 Scale Barding Armor
21:36 Gold Shaft Mining
23:02 Iron Casting
22:35 Heavy Plow
24:04 Chain Barding Armor
le ignacio
8:40 Feudal Age
10:52 Double-Bit Axe
13:47 Horse Collar
16:00 Loom
19:44 Castle Age
18:22 Loom
19:13 Wheelbarrow
18:31 Gold Mining
19:24 Forging
20:11 Scale Mail Armor
20:11 Town Watch
21:08 Iron Casting
20:19 Pikeman
21:54 Chain Mail Armor
22:25 Capped Ram
26:02 Scale Barding Armor
26:43 Padded Archer Armor
27:12 Bloodlines
27:25 Chain Barding Armor
Connection lost

Rejoining the realm…

Still unreachable

The connection could not be restored.

Session expired

The server has moved on; the page needs a fresh start.